Penguins vs Maple Leafs

Created - 24 février 2022 at 16:09

Goals
1 2 3 T
Penguins 1 0 1 2
Maple Leafs 0 3 0 3
Shots
1 2 3 T
Penguins 10 4 12 26
Maple Leafs 6 9 8 23

GoalsPenalties
1st period
1. Penguins , Filip Zadina 8 (Leon Draisaitl 40, Jacob Middleton 1) at 19:09
Max Domi (TOR) for Holding (Minor) at 7:26
2nd period
2. Maple Leafs , Jake Gardiner 6 (Dougie Hamilton 48, Taylor Hall 34) at 2:59 (PP)
3. Maple Leafs , Marcus Pettersson 8 (Alexander Radulov 18, Patrik Laine 14) at 3:38
4. Maple Leafs , Jake Evans 7 (Marcus Pettersson 21) at 14:50
Luke Schenn (PIT) for Interference (Minor) at 2:00
Jacob Middleton (PIT) for High sticking (Minor) at 7:30
Nick Holden (PIT) for Boarding (Minor) at 11:54
3rd period
5. Penguins , Anthony Beauvillier 20 (Frederick Gaudreau 10, Luke Schenn 4) at 15:21
Jacob Middleton (PIT) for High sticking (Minor) at 5:43
Goalie Stats
Anton Khudobin (PIT), 20 saves from 23 shots - (0,870), L, 10-9-1, 59:27 minutes
Juuse Saros (TOR), 24 saves from 26 shots - (0,923), W, 22-17-6, 60:00 minutes
3 StarsOfficial
1 - Marcus Pettersson (TOR)
2 - Jake Evans (TOR)
3 - Patrik Laine (TOR)
Referees : Mike Leggo and Frederick L'Ecuyer
Linesman : Brad Kovachik and Thor Nelson
Game Note
No Game Note



Team Name Goals Shots Shots Attemp Shots Blocked PIM HIT PP PK FO%
Penguins 22648118170 / 1 (0%)143%
Maple Leafs 3236432251 / 4 (25%)058%

Penguins
Player Name POS G A P +/- PIM HIT SHT SB MP PP MP PP SHT PK MP PK SHT FO% FOT
Alexander RomanovD0000001121:160:5802:4500% 0
Anthony BeauvillierLW1010007016:211:0110:0000% 0
Arthur KaliyevRW0000000113:130:0000:0000% 0
Brady TkachukLW0000024021:150:5803:56018% 11
Brett ConnollyRW0000020019:211:0103:00067% 3
Colton SissonsC/LW/RW0000000014:090:0000:00038% 8
Dominic ToninatoC000000006:110:0000:0000% 0
Filip ZadinaRW1010002016:230:5800:000100% 2
Frederick GaudreauC/RW0110004015:200:0000:00044% 25
Jacob MiddletonD0111400114:390:0000:0000% 0
Leon DraisaitlC/LW/RW0110003020:320:5803:13157% 23
Luke SchennD0110220218:220:0000:5000% 0
Nick HoldenD000-1241222:591:0113:0800% 0
Nick RitchieLW0000020013:130:0000:0000% 1
Richard PanikLW/RW0000000010:551:0103:4300% 1
Sami VatanenD000-1013024:021:0114:1000% 0
Ty SmithD0001031418:380:5802:5900% 0
Zack SmithC/LW000001006:110:0000:00017% 6
Maple Leafs
Player Name POS G A P +/- PIM HIT SHT SB MP PP MP PP SHT PK MP PK SHT FO% FOT
Alexander RadulovLW/RW0110003018:483:3210:000100% 2
Brendan GallagherRW0000010020:463:2400:0000% 1
Dougie HamiltonD0110021023:103:0910:4000% 0
Eric StaalC0000001015:160:0000:00057% 14
Greg PaterynD0001020015:250:0001:1900% 0
Jaccob SlavinD0000000120:010:0000:4000% 0
Jake EvansC/RW101100407:150:4011:04056% 9
Jake GardinerD101-1003120:473:0930:0000% 0
Marcus PetterssonD1121013117:533:4720:0000% 0
Max DomiC/LW000-1210016:193:2400:00055% 20
Michael GrabnerLW/RW000-1000013:510:0000:550100% 1
Nikita ZadorovD000-1090018:570:0001:1900% 0
Noel AcciariC/LW0000022021:232:5210:55057% 30
Ondrej KaseLW/RW000-1001012:560:0000:0000% 0
Patrik LaineLW/RW0110052019:033:4700:0000% 1
Rudolfs BalcersLW000100108:493:3200:0000% 0
Taylor HallLW0110012021:003:2410:000100% 1
William CarrierLW000101006:210:0001:040100% 1

Penguins

5 vs 5 Forward
Line #Left WingCenterRight WingPHYDFOFWanted %Time %Time Play
1Brady TkachukLeon DraisaitlFilip Zadina0233231%15:25
2Anthony BeauvillierFrederick GaudreauBrett Connolly0413131%15:20
3Nick RitchieColton SissonsArthur Kaliyev0502526%13:13
4Dominic ToninatoZack SmithRichard Panik0501212%6:11
5 vs 5 Defense
Line #DefenseDefensePHYDFOFWanted %Time %Time Play
1Nick HoldenSami Vatanen0233936%17:55
2Alexander RomanovLuke Schenn1313635%17:33
3Jacob MiddletonTy Smith1312529%14:41
4Nick HoldenSami Vatanen12200%0:00
Power Play Forward
Line #Left WingCenterRight WingPHYDFOFWanted %Time %Time Play
1Brady TkachukLeon DraisaitlFilip Zadina0055049%0:58
2Anthony BeauvillierRichard PanikBrett Connolly0055051%1:01
Power Play Defense
Line #DefenseDefensePHYDFOFWanted %Time %Time Play
1Nick HoldenSami Vatanen0055051%1:01
2Alexander RomanovTy Smith0055049%0:58
Penalty Kill 4 Players Forward
Line #CenterWingPHYDFOFWanted %Time %Time Play
1Brady TkachukRichard Panik0505054%3:43
2Leon DraisaitlBrett Connolly0505046%3:13
Penalty Kill 4 Players Defense
Line #DefenseDefensePHYDFOFWanted %Time %Time Play
1Sami VatanenNick Holden1405067%4:39
2Alexander RomanovTy Smith1405033%2:17
Penalty Kill 3 Players
Line #WingPHYDFOFWanted %Time %Time PlayDefenseDefensePHYDFOFWanted %Time %Time Play
1Frederick Gaudreau050500%0:00 Sami VatanenNick Holden050500%0:00
2Leon Draisaitl050500%0:00 Alexander RomanovLuke Schenn050500%0:00
4 vs 4 Forward
Line #CenterWingPHYDFOFWanted %Time %Time Play
1Leon DraisaitlAnthony Beauvillier023500%0:00
2Richard PanikBrady Tkachuk023500%0:00
4 vs 4 Defense
Line #DefensePHYDFOFWanted %Time %Time Play
1Nick HoldenSami Vatanen032500%0:00
2Luke SchennAlexander Romanov032500%0:00
Last Minutes Offensive
Left WingCenterRight WingDefenseDefense
Brady TkachukLeon DraisaitlColton SissonsNick HoldenSami Vatanen
Last Minutes Defensive
Left WingCenterRight WingDefenseDefense
Brady TkachukLeon DraisaitlColton SissonsNick HoldenSami Vatanen
Time
Total ForwardTotal DefenseLast Minutes OffensiveLast Minutes Defensive
60:00 60:00 0:560:00
Extra Forwards
Normal PowerPlayPenalty Kill
Anthony Beauvillier, Leon Draisaitl, Brady TkachukBrady Tkachuk, Leon DraisaitlLeon Draisaitl
Extra Defensemen
Normal PowerPlayPenalty Kill
Sami Vatanen, Alexander Romanov, Nick HoldenSami Vatanen, Alexander RomanovNick Holden
Penalty Shots
Anthony Beauvillier, Leon Draisaitl, Brady Tkachuk, Filip Zadina, Richard Panik
Goalie
Anton Khudobin, Ben Bishop
Custom OT Lines Forwards
Leon Draisaitl, Colton Sissons, Brady Tkachuk, Filip Zadina, Arthur Kaliyev, Anthony Beauvillier, Brett Connolly, Richard Panik, Nick Ritchie, Frederick Gaudreau
Custom OT Lines Defensemen
Sami Vatanen, Alexander Romanov, Nick Holden, Luke Schenn, Ty Smith
Scratches
Par Lindholm (Healthy), Niklas Hjalmarsson (Right Foot Injury), Greg McKegg (Healthy), Ilya Sorokin (Healthy)

Maple Leafs

5 vs 5 Forward
Line #Left WingCenterRight WingPHYDFOFWanted %Time %Time Play
1Taylor HallNoel AcciariBrendan Gallagher0053534%17:22
2Patrik LaineEric StaalAlexander Radulov0143030%15:16
3Ondrej KaseMax DomiMichael Grabner0142525%12:56
4William CarrierJake EvansRudolfs Balcers0231010%5:17
5 vs 5 Defense
Line #DefenseDefensePHYDFOFWanted %Time %Time Play
1Jaccob SlavinDougie Hamilton0413531%15:51
2Jake GardinerNikita Zadorov0413035%17:38
3Marcus PetterssonGreg Pateryn0502528%14:06
4Jaccob SlavinDougie Hamilton032106%3:16
Power Play Forward
Line #Left WingCenterRight WingPHYDFOFWanted %Time %Time Play
1Taylor HallMax DomiBrendan Gallagher0055049%3:24
2Rudolfs BalcersNoel AcciariAlexander Radulov0055051%3:32
Power Play Defense
Line #DefenseDefensePHYDFOFWanted %Time %Time Play
1Jake GardinerDougie Hamilton0415045%3:09
2Marcus PetterssonPatrik Laine0415055%3:47
Penalty Kill 4 Players Forward
Line #CenterWingPHYDFOFWanted %Time %Time Play
1Noel AcciariMichael Grabner0325046%0:55
2Jake EvansWilliam Carrier0415054%1:04
Penalty Kill 4 Players Defense
Line #DefenseDefensePHYDFOFWanted %Time %Time Play
1Greg PaterynNikita Zadorov0505066%1:19
2Jaccob SlavinDougie Hamilton0505034%0:40
Penalty Kill 3 Players
Line #WingPHYDFOFWanted %Time %Time PlayDefenseDefensePHYDFOFWanted %Time %Time Play
1Noel Acciari041500%0:00 Greg PaterynNikita Zadorov140500%0:00
2Jake Evans041500%0:00 Dougie HamiltonJaccob Slavin140500%0:00
4 vs 4 Forward
Line #CenterWingPHYDFOFWanted %Time %Time Play
1Max DomiBrendan Gallagher014500%0:00
2Eric StaalTaylor Hall014500%0:00
4 vs 4 Defense
Line #DefensePHYDFOFWanted %Time %Time Play
1Jaccob SlavinDougie Hamilton041500%0:00
2Marcus PetterssonNikita Zadorov041500%0:00
Last Minutes Offensive
Left WingCenterRight WingDefenseDefense
Taylor HallEric StaalBrendan GallagherJaccob SlavinDougie Hamilton
Last Minutes Defensive
Left WingCenterRight WingDefenseDefense
Michael GrabnerNoel AcciariJake EvansJaccob SlavinDougie Hamilton
Time
Total ForwardTotal DefenseLast Minutes OffensiveLast Minutes Defensive
60:00 60:00 0:000:14
Extra Forwards
Normal PowerPlayPenalty Kill
Taylor Hall, Patrik Laine, Noel AcciariJake Evans, Patrik LainePatrik Laine
Extra Defensemen
Normal PowerPlayPenalty Kill
Nikita Zadorov, Jaccob Slavin, Dougie HamiltonMarcus Pettersson, Greg PaterynJaccob Slavin
Penalty Shots
Taylor Hall, Patrik Laine, Max Domi, Alexander Radulov, Brendan Gallagher
Goalie
Juuse Saros, Aaron Dell
Custom OT Lines Forwards
Patrik Laine, Noel Acciari, Taylor Hall, Brendan Gallagher, Eric Staal, Alexander Radulov, Max Domi, Jake Evans, Michael Grabner, Rudolfs Balcers
Custom OT Lines Defensemen
Dougie Hamilton, Jaccob Slavin, Nikita Zadorov, Greg Pateryn, Marcus Pettersson
Scratches
Brendan Smith (Healthy), Antoine Roussel (Healthy), Pius Suter (Strained Left Knee Injury)


Play-by-Play

1st period


0:01 of 1st period - Noel Acciari wins face-off versus Leon Draisaitl in neutral zone.
0:12 of 1st period - Shot by Brady Tkachuk.
0:12 of 1st period - Stopped by Juuse Saros without a rebound.
0:13 of 1st period - Eric Staal wins face-off versus Frederick Gaudreau in Maple Leafs zone.
0:20 of 1st period - Icing by Luke Schenn.
0:21 of 1st period - Frederick Gaudreau wins face-off versus Max Domi in Penguins zone.
0:56 of 1st period - Shot by Anthony Beauvillier.
0:56 of 1st period - Deflect By Frederick Gaudreau.
0:56 of 1st period - Stopped by Juuse Saros without a rebound.
0:57 of 1st period - Eric Staal wins face-off versus Colton Sissons in Maple Leafs zone.
1:28 of 1st period - Colton Sissons is hit by Patrik Laine and loses puck.
2:16 of 1st period - Shot by Brendan Gallagher.
2:16 of 1st period - Shot Misses the Net.
3:47 of 1st period - Shot by Jake Evans.
3:47 of 1st period - Stopped by Anton Khudobin with a rebound.
3:49 of 1st period - Shot by Greg Pateryn.
3:49 of 1st period - Shot Blocked by Ty Smith.
3:51 of 1st period - Shot by Rudolfs Balcers.
3:51 of 1st period - Shot Blocked by Ty Smith.
3:53 of 1st period - Shot by William Carrier.
3:53 of 1st period - Deflect By Jake Evans.
3:53 of 1st period - Shot Misses the Net.
4:17 of 1st period - Icing by Colton Sissons.
4:18 of 1st period - Colton Sissons wins face-off versus Max Domi in Penguins zone.
4:18 of 1st period - Colton Sissons is hit by Nikita Zadorov.
5:23 of 1st period - Icing by Alexander Romanov.
5:24 of 1st period - Leon Draisaitl wins face-off versus Eric Staal in Penguins zone.
5:45 of 1st period - Shot by Alexander Radulov.
5:45 of 1st period - Deflect By Patrik Laine.
5:45 of 1st period - Stopped by Anton Khudobin without a rebound.
5:46 of 1st period - Noel Acciari wins face-off versus Frederick Gaudreau in Penguins zone.
5:53 of 1st period - Shot by Taylor Hall.
5:53 of 1st period - Stopped by Anton Khudobin without a rebound.
5:54 of 1st period - Eric Staal wins face-off versus Frederick Gaudreau in Penguins zone.
5:57 of 1st period - Shot by Alexander Radulov.
5:57 of 1st period - Stopped by Anton Khudobin with a rebound.
6:12 of 1st period - Eric Staal is hit by Nick Holden and loses puck.
6:19 of 1st period - Shot by Alexander Radulov.
6:19 of 1st period - Shot Misses the Net.
6:27 of 1st period - Shot by Alexander Radulov.
6:27 of 1st period - Stopped by Anton Khudobin without a rebound.
6:28 of 1st period - Leon Draisaitl wins face-off versus Noel Acciari in Penguins zone.
6:30 of 1st period - Icing by Filip Zadina.
6:31 of 1st period - Filip Zadina wins face-off versus Noel Acciari in Penguins zone.
6:35 of 1st period - Off-side.
6:36 of 1st period - Leon Draisaitl wins face-off versus Noel Acciari in neutral zone.
7:26 of 1st period - Minor Penalty to Max Domi for Holding.
7:27 of 1st period - Jake Evans wins face-off versus Brett Connolly in Maple Leafs zone.
7:36 of 1st period - Shot by Nick Holden.
7:36 of 1st period - Stopped by Juuse Saros without a rebound.
7:37 of 1st period - Jake Evans wins face-off versus Richard Panik in Maple Leafs zone.
8:13 of 1st period - Shot by Anthony Beauvillier.
8:13 of 1st period - Shot Misses the Net.
8:15 of 1st period - Shot by Sami Vatanen.
8:15 of 1st period - Shot Misses the Net.
8:17 of 1st period - Shot by Sami Vatanen.
8:17 of 1st period - Deflect By Anthony Beauvillier.
8:17 of 1st period - Stopped by Juuse Saros with a rebound.
8:19 of 1st period - Shot by Sami Vatanen.
8:19 of 1st period - Stopped by Juuse Saros without a rebound.
8:20 of 1st period - Noel Acciari wins face-off versus Leon Draisaitl in Maple Leafs zone.
8:20 of 1st period - Noel Acciari is hit by Brady Tkachuk.
8:40 of 1st period - Icing by Alexander Romanov.
8:41 of 1st period - Leon Draisaitl wins face-off versus Jake Evans in Penguins zone.
8:48 of 1st period - Filip Zadina is hit by Dougie Hamilton and loses puck.
9:12 of 1st period - Leon Draisaitl is hit by Nikita Zadorov and loses puck.
10:21 of 1st period - Shot by Brett Connolly.
10:21 of 1st period - Shot Misses the Net.
10:36 of 1st period - Frederick Gaudreau is hit by Nikita Zadorov and loses puck.
11:52 of 1st period - Shot by Max Domi.
11:52 of 1st period - Deflect By Ondrej Kase.
11:52 of 1st period - Stopped by Anton Khudobin without a rebound.
11:53 of 1st period - Leon Draisaitl wins face-off versus Noel Acciari in Penguins zone.
11:53 of 1st period - Leon Draisaitl is hit by Brendan Gallagher.
11:59 of 1st period - Shot by Taylor Hall.
11:59 of 1st period - Shot Misses the Net.
12:08 of 1st period - Shot by Brendan Gallagher.
12:08 of 1st period - Shot Blocked by Nick Holden.
12:10 of 1st period - Shot by Noel Acciari.
12:10 of 1st period - Shot Misses the Net.
12:16 of 1st period - Shot by Taylor Hall.
12:16 of 1st period - Shot Misses the Net.
12:45 of 1st period - Off-side.
12:46 of 1st period - Max Domi wins face-off versus Frederick Gaudreau in neutral zone.
13:14 of 1st period - Shot by Ty Smith.
13:14 of 1st period - Stopped by Juuse Saros without a rebound.
13:15 of 1st period - Colton Sissons wins face-off versus Jake Evans in Maple Leafs zone.
13:28 of 1st period - Alexander Romanov is hit by William Carrier and loses puck.
14:17 of 1st period - Shot by Brendan Gallagher.
14:17 of 1st period - Shot Misses the Net.
14:19 of 1st period - Shot by Jaccob Slavin.
14:19 of 1st period - Shot Misses the Net.
14:21 of 1st period - Shot by Brendan Gallagher.
14:21 of 1st period - Shot Blocked by Luke Schenn.
14:23 of 1st period - Shot by Jaccob Slavin.
14:23 of 1st period - Shot Blocked by Luke Schenn.
14:31 of 1st period - Colton Sissons is hit by Noel Acciari and loses puck.
14:49 of 1st period - Off-side.
14:50 of 1st period - Leon Draisaitl wins face-off versus Max Domi in neutral zone.
15:15 of 1st period - Off-side.
15:16 of 1st period - Alexander Radulov wins face-off versus Frederick Gaudreau in neutral zone.
15:18 of 1st period - Off-side.
15:19 of 1st period - Frederick Gaudreau wins face-off versus Eric Staal in neutral zone.
15:19 of 1st period - Frederick Gaudreau is hit by Patrik Laine.
15:35 of 1st period - Anthony Beauvillier is hit by Patrik Laine and loses puck.
15:41 of 1st period - Icing by Jacob Middleton.
15:42 of 1st period - Noel Acciari wins face-off versus Frederick Gaudreau in Penguins zone.
15:50 of 1st period - Brendan Gallagher is hit by Ty Smith and loses puck.
16:08 of 1st period - Dougie Hamilton is hit by Ty Smith and loses puck.
16:27 of 1st period - Dougie Hamilton is hit by Brady Tkachuk and loses puck.
16:53 of 1st period - Shot by Leon Draisaitl.
16:53 of 1st period - Shot Misses the Net.
16:55 of 1st period - Shot by Sami Vatanen.
16:55 of 1st period - Stopped by Juuse Saros without a rebound.
16:56 of 1st period - Max Domi wins face-off versus Zack Smith in Maple Leafs zone.
19:07 of 1st period - Shot by Leon Draisaitl.
19:07 of 1st period - Shot Misses the Net.
19:09 of 1st period - Shot by Filip Zadina.
19:09 of 1st period - Goal by Filip Zadina - Penguins : 1 - Maple Leafs : 0.
19:10 of 1st period - Noel Acciari wins face-off versus Frederick Gaudreau in neutral zone.
19:26 of 1st period - Brendan Gallagher is hit by Luke Schenn and loses puck.
19:33 of 1st period - Shot by Anthony Beauvillier.
19:33 of 1st period - Stopped by Juuse Saros without a rebound.
19:34 of 1st period - Zack Smith wins face-off versus Jake Evans in Maple Leafs zone.
19:39 of 1st period - Shot by Dominic Toninato.
19:39 of 1st period - Shot Misses the Net.
19:41 of 1st period - Shot by Zack Smith.
19:41 of 1st period - Shot Misses the Net.
19:43 of 1st period - Shot by Sami Vatanen.
19:43 of 1st period - Stopped by Juuse Saros without a rebound.
19:44 of 1st period - Noel Acciari wins face-off versus Leon Draisaitl in Maple Leafs zone.
Goals for this period are 1 for Penguins vs 0 for Maple Leafs.
Shots for this period are 10 for Penguins vs 6 for Maple Leafs.

2nd period


0:01 of 2nd period - Frederick Gaudreau wins face-off versus Eric Staal in neutral zone.
0:40 of 2nd period - Shot by Frederick Gaudreau.
0:40 of 2nd period - Shot Misses the Net.
0:56 of 2nd period - Leon Draisaitl is hit by Patrik Laine and loses puck.
1:03 of 2nd period - Shot by Brady Tkachuk.
1:03 of 2nd period - Stopped by Juuse Saros without a rebound.
1:04 of 2nd period - Taylor Hall wins face-off versus Colton Sissons in Maple Leafs zone.
1:12 of 2nd period - Shot by Taylor Hall.
1:12 of 2nd period - Shot Blocked by Arthur Kaliyev.
1:26 of 2nd period - Shot by Ty Smith.
1:26 of 2nd period - Shot Misses the Net.
1:31 of 2nd period - Off-side.
1:32 of 2nd period - Max Domi wins face-off versus Leon Draisaitl in neutral zone.
1:54 of 2nd period - Luke Schenn is hit by Max Domi and loses puck.
2:00 of 2nd period - Minor Penalty to Luke Schenn for Interference.
2:01 of 2nd period - Leon Draisaitl wins face-off versus Noel Acciari in Penguins zone.
2:07 of 2nd period - Icing by Noel Acciari.
2:08 of 2nd period - Noel Acciari wins face-off versus Brady Tkachuk in Maple Leafs zone.
2:20 of 2nd period - Icing by Marcus Pettersson.
2:21 of 2nd period - Noel Acciari wins face-off versus Leon Draisaitl in Maple Leafs zone.
2:29 of 2nd period - Shot by Rudolfs Balcers.
2:29 of 2nd period - Shot Misses the Net.
2:31 of 2nd period - Shot by Noel Acciari.
2:31 of 2nd period - Stopped by Anton Khudobin without a rebound.
2:32 of 2nd period - Max Domi wins face-off versus Brady Tkachuk in Penguins zone.
2:35 of 2nd period - Shot by Taylor Hall.
2:35 of 2nd period - Shot Blocked by Nick Holden.
2:37 of 2nd period - Shot by Jake Gardiner.
2:37 of 2nd period - Shot Misses the Net.
2:55 of 2nd period - Shot by Dougie Hamilton.
2:55 of 2nd period - Shot Misses the Net.
2:57 of 2nd period - Shot by Dougie Hamilton.
2:57 of 2nd period - Shot Misses the Net.
2:59 of 2nd period - Shot by Jake Gardiner.
2:59 of 2nd period - Goal by Jake Gardiner - Penguins : 1 - Maple Leafs : 1.
3:00 of 2nd period - Eric Staal wins face-off versus Frederick Gaudreau in neutral zone.
3:34 of 2nd period - Shot by Alexander Radulov.
3:34 of 2nd period - Shot Misses the Net.
3:36 of 2nd period - Shot by Patrik Laine.
3:36 of 2nd period - Deflect By Alexander Radulov.
3:36 of 2nd period - Shot Hit the Post.
3:38 of 2nd period - Shot by Marcus Pettersson.
3:38 of 2nd period - Goal by Marcus Pettersson - Penguins : 1 - Maple Leafs : 2.
3:39 of 2nd period - Leon Draisaitl wins face-off versus Brendan Gallagher in neutral zone.
3:39 of 2nd period - Filip Zadina is hit by Noel Acciari.
4:57 of 2nd period - Shot by Michael Grabner.
4:57 of 2nd period - Shot Blocked by Ty Smith.
5:27 of 2nd period - Off-side.
5:28 of 2nd period - Frederick Gaudreau wins face-off versus Eric Staal in neutral zone.
5:28 of 2nd period - Frederick Gaudreau is hit by Patrik Laine.
5:34 of 2nd period - Icing by Marcus Pettersson.
5:35 of 2nd period - Frederick Gaudreau wins face-off versus Eric Staal in Maple Leafs zone.
5:35 of 2nd period - Frederick Gaudreau is hit by Greg Pateryn.
6:57 of 2nd period - Shot by Leon Draisaitl.
6:57 of 2nd period - Shot Misses the Net.
7:30 of 2nd period - Minor Penalty to Jacob Middleton for High sticking.
7:31 of 2nd period - Max Domi wins face-off versus Brady Tkachuk in Penguins zone.
7:42 of 2nd period - Shot by Taylor Hall.
7:42 of 2nd period - Shot Misses the Net.
7:46 of 2nd period - Shot by Jake Gardiner.
7:46 of 2nd period - Stopped by Anton Khudobin without a rebound.
7:47 of 2nd period - Alexander Radulov wins face-off versus Brady Tkachuk in Penguins zone.
8:08 of 2nd period - Shot by Marcus Pettersson.
8:08 of 2nd period - Stopped by Anton Khudobin with a rebound.
8:10 of 2nd period - Shot by Marcus Pettersson.
8:10 of 2nd period - Shot Misses the Net.
8:12 of 2nd period - Shot by Alexander Radulov.
8:12 of 2nd period - Stopped by Anton Khudobin without a rebound.
8:13 of 2nd period - Brett Connolly wins face-off versus Max Domi in Penguins zone.
8:24 of 2nd period - Max Domi is hit by Brett Connolly and loses puck.
8:40 of 2nd period - Shot by Leon Draisaitl.
8:40 of 2nd period - Stopped by Juuse Saros without a rebound.
8:41 of 2nd period - Noel Acciari wins face-off versus Brady Tkachuk in Maple Leafs zone.
11:54 of 2nd period - Minor Penalty to Nick Holden for Boarding.
11:55 of 2nd period - Brady Tkachuk wins face-off versus Max Domi in Penguins zone.
12:29 of 2nd period - Richard Panik is hit by Marcus Pettersson and loses puck.
13:01 of 2nd period - Off-side.
13:02 of 2nd period - Leon Draisaitl wins face-off versus Noel Acciari in neutral zone.
14:42 of 2nd period - Off-side.
14:43 of 2nd period - Jake Evans wins face-off versus Leon Draisaitl in neutral zone.
14:50 of 2nd period - Shot by Jake Evans.
14:50 of 2nd period - Goal by Jake Evans - Penguins : 1 - Maple Leafs : 3.
14:51 of 2nd period - Noel Acciari wins face-off versus Zack Smith in neutral zone.
16:09 of 2nd period - Off-side.
16:10 of 2nd period - Jake Evans wins face-off versus Frederick Gaudreau in neutral zone.
16:15 of 2nd period - Shot by Jake Evans.
16:15 of 2nd period - Stopped by Anton Khudobin with a rebound.
16:39 of 2nd period - Anthony Beauvillier is hit by Nikita Zadorov and loses puck.
17:34 of 2nd period - Shot by Leon Draisaitl.
17:34 of 2nd period - Deflect By Brady Tkachuk.
17:34 of 2nd period - Shot Misses the Net.
18:20 of 2nd period - Shot by Patrik Laine.
18:20 of 2nd period - Stopped by Anton Khudobin without a rebound.
18:21 of 2nd period - Frederick Gaudreau wins face-off versus Max Domi in Penguins zone.
18:32 of 2nd period - Shot by Frederick Gaudreau.
18:32 of 2nd period - Stopped by Juuse Saros with a rebound.
18:34 of 2nd period - Shot by Anthony Beauvillier.
18:34 of 2nd period - Shot Misses the Net.
18:42 of 2nd period - Shot by Frederick Gaudreau.
18:42 of 2nd period - Stopped by Juuse Saros without a rebound.
18:43 of 2nd period - Eric Staal wins face-off versus Colton Sissons in Maple Leafs zone.
Goals for this period are 0 for Penguins vs 3 for Maple Leafs.
Shots for this period are 4 for Penguins vs 9 for Maple Leafs.

3rd period


0:01 of 3rd period - Noel Acciari wins face-off versus Brady Tkachuk in neutral zone.
0:11 of 3rd period - Icing by Brady Tkachuk.
0:12 of 3rd period - Filip Zadina wins face-off versus Max Domi in Penguins zone.
0:25 of 3rd period - Shot by Brady Tkachuk.
0:25 of 3rd period - Shot Misses the Net.
1:08 of 3rd period - Icing by Nikita Zadorov.
1:09 of 3rd period - Frederick Gaudreau wins face-off versus Max Domi in Maple Leafs zone.
1:13 of 3rd period - Brett Connolly is hit by Nikita Zadorov and loses puck.
1:33 of 3rd period - Anthony Beauvillier is hit by Nikita Zadorov and loses puck.
1:43 of 3rd period - Icing by Jake Gardiner.
1:44 of 3rd period - Michael Grabner wins face-off versus Colton Sissons in Maple Leafs zone.
1:44 of 3rd period - Michael Grabner is hit by Nick Ritchie.
2:31 of 3rd period - Taylor Hall is hit by Ty Smith and loses puck.
3:19 of 3rd period - Shot by Alexander Radulov.
3:19 of 3rd period - Shot Misses the Net.
3:31 of 3rd period - Shot by Frederick Gaudreau.
3:31 of 3rd period - Deflect By Anthony Beauvillier.
3:31 of 3rd period - Stopped by Juuse Saros without a rebound.
3:32 of 3rd period - Leon Draisaitl wins face-off versus Jake Evans in Maple Leafs zone.
3:32 of 3rd period - Leon Draisaitl is hit by Dougie Hamilton.
3:46 of 3rd period - Shot by Brady Tkachuk.
3:46 of 3rd period - Stopped by Juuse Saros without a rebound.
3:47 of 3rd period - Noel Acciari wins face-off versus Zack Smith in Maple Leafs zone.
3:53 of 3rd period - Alexander Romanov is hit by Nikita Zadorov.
4:36 of 3rd period - Sami Vatanen is hit by Nikita Zadorov and loses puck.
4:58 of 3rd period - Icing by Jake Gardiner.
4:59 of 3rd period - Brett Connolly wins face-off versus Noel Acciari in Maple Leafs zone.
5:02 of 3rd period - Shot by Brett Connolly.
5:02 of 3rd period - Shot Misses the Net.
5:05 of 3rd period - Icing by Jake Gardiner.
5:06 of 3rd period - Noel Acciari wins face-off versus Frederick Gaudreau in Maple Leafs zone.
5:06 of 3rd period - Noel Acciari is hit by Brett Connolly.
5:42 of 3rd period - Shot by Alexander Radulov.
5:42 of 3rd period - Shot Blocked by Jacob Middleton.
5:43 of 3rd period - Minor Penalty to Jacob Middleton for High sticking.
5:44 of 3rd period - Jake Evans wins face-off versus Brady Tkachuk in Penguins zone.
5:44 of 3rd period - Alexander Radulov is hit by Sami Vatanen and loses puck.
6:21 of 3rd period - Shot by Alexander Radulov.
6:21 of 3rd period - Shot Misses the Net.
6:23 of 3rd period - Shot by Jake Evans.
6:23 of 3rd period - Stopped by Anton Khudobin without a rebound.
6:24 of 3rd period - Max Domi wins face-off versus Leon Draisaitl in Penguins zone.
6:27 of 3rd period - Shot by Taylor Hall.
6:27 of 3rd period - Deflect By Brendan Gallagher.
6:27 of 3rd period - Shot Blocked by Ty Smith.
6:29 of 3rd period - Shot by Dougie Hamilton.
6:29 of 3rd period - Shot Blocked by Alexander Romanov.
6:31 of 3rd period - Shot by Dougie Hamilton.
6:31 of 3rd period - Stopped by Anton Khudobin without a rebound.
6:32 of 3rd period - Max Domi wins face-off versus Brady Tkachuk in Penguins zone.
6:32 of 3rd period - Max Domi is hit by Nick Holden.
6:37 of 3rd period - Shot by Jake Gardiner.
6:37 of 3rd period - Stopped by Anton Khudobin without a rebound.
6:38 of 3rd period - Brady Tkachuk wins face-off versus Noel Acciari in Penguins zone.
6:59 of 3rd period - Shot by Noel Acciari.
6:59 of 3rd period - Deflect By Alexander Radulov.
6:59 of 3rd period - Shot Misses the Net.
7:01 of 3rd period - Shot by Marcus Pettersson.
7:01 of 3rd period - Stopped by Anton Khudobin without a rebound.
7:02 of 3rd period - Max Domi wins face-off versus Brady Tkachuk in Penguins zone.
7:07 of 3rd period - Shot by Jake Gardiner.
7:07 of 3rd period - Shot Misses the Net.
7:09 of 3rd period - Shot by Dougie Hamilton.
7:09 of 3rd period - Shot Misses the Net.
7:11 of 3rd period - Shot by Jake Gardiner.
7:11 of 3rd period - Deflect By Taylor Hall.
7:11 of 3rd period - Stopped by Anton Khudobin with a rebound.
7:13 of 3rd period - Shot by Brendan Gallagher.
7:13 of 3rd period - Deflect By Taylor Hall.
7:13 of 3rd period - Shot Misses the Net.
7:15 of 3rd period - Shot by Taylor Hall.
7:15 of 3rd period - Shot Misses the Net.
7:31 of 3rd period - Shot by Dougie Hamilton.
7:31 of 3rd period - Shot Misses the Net.
7:39 of 3rd period - Shot by Dougie Hamilton.
7:39 of 3rd period - Shot Misses the Net.
7:41 of 3rd period - Shot by Dougie Hamilton.
7:41 of 3rd period - Shot Misses the Net.
7:45 of 3rd period - Shot by William Carrier.
7:45 of 3rd period - Shot Misses the Net.
7:57 of 3rd period - Shot by Anthony Beauvillier.
7:57 of 3rd period - Deflect By Brett Connolly.
7:57 of 3rd period - Shot Misses the Net.
8:07 of 3rd period - Shot by Anthony Beauvillier.
8:07 of 3rd period - Stopped by Juuse Saros without a rebound.
8:08 of 3rd period - Eric Staal wins face-off versus Colton Sissons in Maple Leafs zone.
8:08 of 3rd period - Eric Staal is hit by Nick Ritchie.
8:36 of 3rd period - Shot by Colton Sissons.
8:36 of 3rd period - Deflect By Nick Ritchie.
8:36 of 3rd period - Shot Misses the Net.
8:38 of 3rd period - Shot by Colton Sissons.
8:38 of 3rd period - Deflect By Nick Ritchie.
8:38 of 3rd period - Shot Blocked by Jaccob Slavin.
9:41 of 3rd period - Shot by Leon Draisaitl.
9:41 of 3rd period - Stopped by Juuse Saros without a rebound.
9:42 of 3rd period - Frederick Gaudreau wins face-off versus Noel Acciari in Maple Leafs zone.
9:55 of 3rd period - Shot by Anthony Beauvillier.
9:55 of 3rd period - Stopped by Juuse Saros with a rebound.
9:57 of 3rd period - Shot by Alexander Romanov.
9:57 of 3rd period - Stopped by Juuse Saros without a rebound.
9:58 of 3rd period - William Carrier wins face-off versus Leon Draisaitl in Maple Leafs zone.
10:10 of 3rd period - William Carrier is hit by Nick Holden and loses puck.
10:25 of 3rd period - Shot by Rudolfs Balcers.
10:25 of 3rd period - Deflect By Jake Evans.
10:25 of 3rd period - Shot Misses the Net.
10:27 of 3rd period - Shot by Rudolfs Balcers.
10:27 of 3rd period - Stopped by Anton Khudobin without a rebound.
10:28 of 3rd period - Noel Acciari wins face-off versus Frederick Gaudreau in Penguins zone.
10:47 of 3rd period - Shot by Frederick Gaudreau.
10:47 of 3rd period - Stopped by Juuse Saros without a rebound.
10:48 of 3rd period - Eric Staal wins face-off versus Nick Ritchie in Maple Leafs zone.
11:07 of 3rd period - Shot by Eric Staal.
11:07 of 3rd period - Deflect By Alexander Radulov.
11:07 of 3rd period - Shot Misses the Net.
11:31 of 3rd period - Shot by Colton Sissons.
11:31 of 3rd period - Shot Misses the Net.
11:40 of 3rd period - Icing by Sami Vatanen.
11:41 of 3rd period - Colton Sissons wins face-off versus Noel Acciari in Penguins zone.
11:45 of 3rd period - Arthur Kaliyev is hit by Taylor Hall and loses puck.
12:09 of 3rd period - Shot by Filip Zadina.
12:09 of 3rd period - Deflect By Brady Tkachuk.
12:09 of 3rd period - Stopped by Juuse Saros without a rebound.
12:10 of 3rd period - Leon Draisaitl wins face-off versus Max Domi in Maple Leafs zone.
13:12 of 3rd period - Icing by Dougie Hamilton.
13:13 of 3rd period - Noel Acciari wins face-off versus Frederick Gaudreau in Maple Leafs zone.
13:21 of 3rd period - Shot by Noel Acciari.
13:21 of 3rd period - Stopped by Anton Khudobin without a rebound.
13:22 of 3rd period - Frederick Gaudreau wins face-off versus Patrik Laine in Penguins zone.
13:29 of 3rd period - Shot by Eric Staal.
13:29 of 3rd period - Stopped by Anton Khudobin without a rebound.
13:30 of 3rd period - Frederick Gaudreau wins face-off versus Noel Acciari in Penguins zone.
13:51 of 3rd period - Icing by Jaccob Slavin.
13:52 of 3rd period - Noel Acciari wins face-off versus Zack Smith in Maple Leafs zone.
13:52 of 3rd period - Noel Acciari is hit by Zack Smith.
14:01 of 3rd period - Icing by Jacob Middleton.
14:02 of 3rd period - Eric Staal wins face-off versus Zack Smith in Penguins zone.
14:05 of 3rd period - Shot by Alexander Radulov.
14:05 of 3rd period - Shot Misses the Net.
14:23 of 3rd period - Shot by Dominic Toninato.
14:23 of 3rd period - Shot Misses the Net.
15:07 of 3rd period - Shot by Filip Zadina.
15:07 of 3rd period - Stopped by Juuse Saros without a rebound.
15:08 of 3rd period - Max Domi wins face-off versus Frederick Gaudreau in Maple Leafs zone.
15:19 of 3rd period - Shot by Anthony Beauvillier.
15:19 of 3rd period - Shot Blocked by Jake Gardiner.
15:21 of 3rd period - Shot by Anthony Beauvillier.
15:21 of 3rd period - Goal by Anthony Beauvillier - Penguins : 2 - Maple Leafs : 3.
15:22 of 3rd period - Leon Draisaitl wins face-off versus Noel Acciari in neutral zone.
15:35 of 3rd period - Shot by Leon Draisaitl.
15:35 of 3rd period - Stopped by Juuse Saros without a rebound.
15:36 of 3rd period - Max Domi wins face-off versus Frederick Gaudreau in Maple Leafs zone.
16:06 of 3rd period - Anthony Beauvillier is hit by Nikita Zadorov and loses puck.
16:13 of 3rd period - Shot by Brett Connolly.
16:13 of 3rd period - Deflect By Anthony Beauvillier.
16:13 of 3rd period - Stopped by Juuse Saros without a rebound.
16:14 of 3rd period - Leon Draisaitl wins face-off versus Noel Acciari in Maple Leafs zone.
16:57 of 3rd period - Noel Acciari is hit by Nick Holden and loses puck.
17:56 of 3rd period - Colton Sissons is hit by Greg Pateryn and loses puck.
18:00 of 3rd period - Icing by Marcus Pettersson.
18:01 of 3rd period - Frederick Gaudreau wins face-off versus Eric Staal in Maple Leafs zone.
18:08 of 3rd period - Shot by Frederick Gaudreau.
18:08 of 3rd period - Deflect By Brett Connolly.
18:08 of 3rd period - Shot Misses the Net.
18:10 of 3rd period - Shot by Alexander Romanov.
18:10 of 3rd period - Shot Blocked by Marcus Pettersson.
18:23 of 3rd period - Marcus Pettersson is hit by Luke Schenn.
19:27 of 3rd period - Penguins, Anton Khudobin is pulled from the net.
19:40 of 3rd period - Icing by Nikita Zadorov.
19:41 of 3rd period - Max Domi wins face-off versus Leon Draisaitl in Maple Leafs zone.
19:45 of 3rd period - Off-side.
19:46 of 3rd period - Noel Acciari wins face-off versus Leon Draisaitl in neutral zone.
Goals for this period are 1 for Penguins vs 0 for Maple Leafs.
Shots for this period are 12 for Penguins vs 8 for Maple Leafs.